 Dungeon Crawl Stone Soup version 0.20.1-1-g8b1a95d (console) character file.

126129 hilaritas the Warrior (level 16, -5/155 HPs)
             Began as a Minotaur Fighter on Dec 30, 2017.
             Was a High Priest of the Shining One.
             Killed by the air
             ... invoked by a wind drake
              (26 damage)
             ... on level 2 of the Shoals.
             The game lasted 01:35:39 (34499 turns).

hilaritas the Warrior (Minotaur Fighter)           Turns: 34499, Time: 01:35:41

Health: -5/155     AC: 19    Str: 28    XL:     16   Next: 43%
Magic:  0/8        EV: 18    Int:  6    God:    the Shining One [*****.]
Gold:   1677       SH: 15    Dex: 18    Spells: 15/15 levels left

rFire    + . .     SeeInvis .   R - +2 long sword (antimagic)
rCold    + . .     Gourm    +   c - +0 shield
rNeg     + + .     Faith    .   H - +2 chain mail {rPois}
rPois    +         Spirit   .   k - +2 hat
rElec    .         Reflect  .   G - scarf {rC+ rF+}
rCorr    .         Harm     .   b - -1 pair of gloves "Lyxipta Ihi" {Str+2}
MR       ++...                  g - +1 pair of boots {Fly}
Stlth    ..........             Q - amulet "Ruxtam" {Gourm Dex+7}
Regen    0.4/turn               i - +5 ring of evasion
MPRegen  0.2/turn               l - ring of protection from magic

@: flying, glowing
A: retaliatory headbutt, horns 2
a: Divine Shield, Cleansing Flame, Summon Divine Warrior, Renounce Religion,
Stop Flying


You were on level 2 of the Shoals.
You worshipped the Shining One.
The Shining One was extremely pleased with you.
You were completely stuffed.

You visited 5 branches of the dungeon, and saw 26 of its levels.
You also visited: Ice Cave.

You collected 3123 gold pieces.
You spent 1426 gold pieces at shops.
You donated 20 gold pieces to Zin.

Inventory:

Hand Weapons
 a - a +1 long sword
 s - the +9 dagger of Eternal Vigilance {venom, rElec}
   (You took it off an orc on level 4 of the Dungeon)

   It poisons the flesh of those it strikes.
   It insulates you from electricity.
 R - a +2 antimagic long sword (weapon)
Missiles
 S - 8 steel tomahawks
 W - 4 javelins (quivered)
Armour
 b - the -1 pair of gloves "Lyxipta Ihi" (worn) {Str+2}
   (You bought it in a shop on level 4 of the Dungeon)

   It affects your strength (+2).
 c - a +0 shield (worn)
 d - a +2 plate armour of cold resistance
 g - a +1 pair of boots of flying (worn)
 k - a +2 hat (worn)
 G - a scarf of resistance (worn)
 H - a +2 chain mail of poison resistance (worn)
Jewellery
 i - a +5 ring of evasion (left hand)
 l - a ring of protection from magic (right hand)
 o - an uncursed ring of positive energy
 A - a +5 ring of protection
 M - an uncursed ring of fire
 Q - the amulet "Ruxtam" (around neck) {Gourm Dex+7}
   (You acquired it on level 1 of the Shoals)

   [amulet of the gourmand]

   It allows you to eat raw meat even when not hungry.
   It affects your dexterity (+7).
 U - an uncursed ring of protection from cold
Wands
 e - a wand of digging (7/24)
 h - a wand of iceblast (6/15)
 y - a wand of scattershot (5/9)
 F - a wand of lightning (4/15)
 L - a wand of flame (26/48)
 N - a wand of scattershot (5/9)
 O - a wand of acid (8/15)
 V - a wand of digging (22/24)
Scrolls
 j - 7 scrolls of magic mapping
 n - 2 scrolls of enchant weapon
 p - a scroll of blinking
 u - 6 scrolls of remove curse
 v - 11 scrolls of teleportation
 w - a scroll of fog
 E - 4 scrolls of amnesia
 I - 3 scrolls of recharging
 K - 2 scrolls of holy word
 P - a scroll of identify
Potions
 q - 3 potions of magic
 r - 7 potions of curing
 x - 3 potions of resistance
 C - 5 potions of brilliance
 J - a potion of mutation
Miscellaneous
 B - a box of beasts
 T - a phial of floods
 X - a lightning rod (4/4)
Comestibles
 f - 15 bread rations
 t - 9 meat rations
 z - 8 royal jellies
 D - 25 fruits
 Y - 4 chunks of flesh


   Skills:
 * Level 17.0 Fighting
 - Level 14.0 Long Blades
 + Level 12.1 Armour
 - Level 6.0 Dodging
 - Level 15.1 Shields
 - Level 15.0 Invocations
 - Level 5.4 Evocations


You had 15 spell levels left.
You didn't know any spells.

Dungeon Overview and Level Annotations

Branches:
Dungeon (15/15)            Temple (1/1) D:5            Lair (6/6) D:9
 Shoals (2/4) Lair:2       Spider (0/4) Lair:3        Slime (0/5) Lair:6
    Orc (2/2) D:11            Elf (0/3) Orc:2        Vaults (0/5) D:13
 Depths (0/5) D:15

Altars:
Ashenzari
Cheibriados
Dithmenos
Elyvilon
Fedhas
Gozag
Hepliaklqana
Kikubaaqudgha
Makhleb
Nemelex Xobeh
Okawaru
Qazlal
Ru
Sif Muna
Trog
Uskayaw
Vehumet
Xom
Yredelemnul
Zin
The Shining One
Jiyva

Shops:
D:4 [   D:8 [   D:13 *   Orc:2 (}(%

Annotations:
Lair:4 exclusion: oklob plant


Innate Abilities, Weirdness & Mutations

You reflexively headbutt those who attack you in melee.
You have a pair of horns on your head.


Message History

Your daeva calls down the wrath of the Shining One upon the manticore.
The manticore is smitten.
Unknown command.
You carefully extract the barbed spikes from your body.
Your daeva blocks the manticore's attack.
The manticore closely misses your daeva.
The manticore claws your daeva.
The wind drake bites something.
Your daeva hits the manticore with a scimitar of holy wrath! x2
A merfolk comes into view. It is wielding a trident.
Throwing (i - inventory. (,) - cycle):
W - 5 javelins (quivered)
Press: ? - help, Shift-Dir - straight line, f - manticore
Aim: a manticore (almost dead, haloed)
You throw a javelin. The javelin hits the manticore.
You kill the manticore!
Your Fighting skill increases to level 17!
The wind drake exhales a fierce blast of wind!
You are blown backwards!
Your daeva is blown away by the wind.
The wind drake flaps its wings at you.
The air twists around and violently strikes you in flight!
You die...

≈≈≈≈≈≈≈≈≈≈[....≈..≈≈≈≈.#
#≈.≈≈≈≈≈≈≈≈≈≈(≈..≈≈≈.<.#..#
.......≈≈≈....≈≈≈(.≈≈≈≈..###.##
.......≈≈≈≈...≈≈........## #..#
≈....≈≈≈≈≈≈≈...####(...## #.≈.
≈≈≈.≈≈≈k≈≈≈≈≈..####((..# ##.≈≈
≈≈≈...≈≈≈≈≈.≈≈...##....## ##.≈≈≈
≈(≈≈##..≈≈≈≈.)(..##[...# #.≈≈≈≈
≈≈≈(...≈≈≈≈(()..###..).####.<≈.(
≈≈≈.(≈≈≈≈≈.###A###.........≈≈).#
≈≈≈≈≈≈≈≈≈..# #(@.....≈≈≈≈≈≈≈≈..#
≈≈≈≈≈≈(≈(≈.###(......≈≈≈≈≈≈≈≈≈..
≈≈≈≈≈≈≈≈≈((..)......≈≈≈≈≈≈≈≈≈≈..
≈≈≈≈≈≈≈≈≈...P(#####..≈≈≈≈≈≈≈≈≈≈.
≈≈≈≈≈≈≈≈≈...≈kP# ##..≈≈≈≈≈≈..≈.
≈≈≈≈≈≈≈≈≈≈PEPPP..# ..≈≈≈≈≈≈≈>.≈.
≈≈≈≈≈≈≈≈≈≈P≈Pm....# ≈≈≈≈≈≈≈≈≈≈
≈≈≈≈≈≈≈≈PmEPP≈≈...# ≈≈≈≈≈≈≈≈≈
≈≈≈≈≈≈≈≈≈≈≈≈≈≈≈≈...# ≈≈≈≈≈≈≈≈
≈≈≈≈≈≈≈≈≈≈≈≈≈≈≈....# ≈≈≈≈≈≈≈
≈≈≈≈≈≈≈≈≈≈≈≈≈≈≈≈.%. ≈≈≈≈≈≈≈


You could see 2 wind drakes, a merfolk, 2 water elementals and a friendly daeva.

Vanquished Creatures
  Kirke (Lair:5)
  A frost giant (IceCv)
  A merfolk javelineer (Shoals:2)
  A merfolk impaler (Shoals:2)
  The ghost of hilaritas the Blocker, a journeyman DDAr of Trog (D:11)
  5 hydras
  9 two-headed ogres
  A catoblepas (Lair:6)
  2 centaur warriors (D:14)
  A queen ant (Lair:2)
  A vampire mage (D:15)
  2 death yaks (IceCv)
  3 orc high priests (Orc:2)
  2 skeletal warriors (D:15)
  3 sea snakes
  3 unseen horrors
  A necromancer (D:15)
  2 wizards (D:13)
  4 orc knights (Orc:2)
  11 harpies
  Pikel (D:4)
  16 ugly things (D:14)
  2 mana vipers (D:13)
  8 manticores
  4 orc sorcerers (Orc:2)
  An iron dragon zombie (D:15)
  8 cyclopes
  A faun (Shoals:2)
  3 deep elf magi (D:15)
  A stone giant skeleton (D:15)
  12 elephants
  A torpor snail (Lair:4)
  2 ice statues
  7 black mambas
  Maurice (D:8)
  A centaur skeleton (D:15)
  A naga mage (D:13)
  A water nymph (Shoals:2)
  7 merfolk sirens
  A gargoyle (D:12)
  10 spiny frogs
  8 yaktaurs (D:15)
  5 komodo dragons
  3 rime drakes
  A tengu conjurer (D:15)
  A freezing wraith (Lair:6)
  11 trolls
  An elf skeleton (D:15)
  25 polar bears
  12 merfolk
  4 hornets (Lair:6)
  Prince Ribbit (D:5)
  7 dream sheep
  10 slime creatures
  4 blink frogs (Lair:1)
  2 wind drakes
  5 snapping turtles
  A meliai zombie (D:15)
  2 redbacks (Lair:3)
  10 spriggans (Lair:6)
  An ettin skeleton (D:15)
  14 hippogriffs
  2 wraiths
  3 water elementals (Shoals:1)
  3 shadows
  A wyvern (Lair:6)
  A vampire (D:15)
  47 yaks
  A human (D:7)
  A golden eye (shapeshifter) (D:15)
  Eustachio (D:6)
  5 hogs
  A steam dragon (Lair:4)
  19 soldier ants (Lair:2)
  2 wargs (Orc:2)
  Edmund (D:6)
  10 water moccasins
  4 porcupines
  Duvessa (D:5)
  3 sky beasts
  21 orc warriors
  11 ice beasts
  3 phantoms
  4 black bears
  A necrophage (D:10)
  3 boggarts (Lair:6)
  14 ogres
  48 wolves
  10 centaurs
  15 crocodiles
  Blork the orc (D:6)
  18 bullfrogs
  2 big kobolds
  A water moccasin skeleton (D:7)
  Dowan (D:5)
  4 scorpions
  13 killer bees
  9 wights
  3 electric eels (D:9)
  A howler monkey (D:4)
  4 crimson imps
  A quasit (D:12)
  8 hounds
  5 jellies
  29 orc wizards
  3 bullfrog skeletons
  21 orc priests
  4 iguanas
  30 worker ants
  A hound zombie (D:5)
  A hound skeleton (D:6)
  5 gnolls
  2 worker ant zombies
  12 adders
  2 shadow imps
  11 white imps
  An ooze (D:3)
  5 worms
  5 dart slugs
  6 leopard geckos
  81 orcs
  9 bats
  4 giant cockroaches
  5 goblins
  5 hobgoblins
  11 jackals
  21 kobolds
  2 quokkas
  2 ball pythons
  7 frilled lizards
  A jackal skeleton (D:6)
  A jackal zombie (D:6)
  A leopard gecko skeleton (D:4)
  2 leopard gecko zombies (D:5)
  A butterfly (Lair:2)
870 creatures vanquished.

Vanquished Creatures (collateral kills)
  Saint Roka (Orc:2)
  An orc knight (Orc:2)
  5 ugly things (D:14)
  2 orc warriors (Orc:2)
  An ogre (Orc:2)
  An orc priest (Orc:2)
  8 orcs (Orc:2)
19 creatures vanquished.

Vanquished Creatures (others)
  A mana viper (D:13)
  A water moccasin (Lair:6)
  A porcupine (Lair:5)
  A wolf (IceCv)
  An adder (D:4)
  3 white imps (D:15)
  7 fungi
  5 plants
  3 withered plants (D:15)
23 creatures vanquished.

Grand Total: 912 creatures vanquished

Notes
Turn   | Place    | Note
-------+----------+-------------------------------------------
     0 | D:1      | hilaritas the Minotaur Fighter began the quest for the Orb.
     0 | D:1      | Reached XP level 1. HP: 19/19 MP: 0/0
   255 | D:1      | Reached XP level 2. HP: 27/27 MP: 1/1
   449 | D:1      | Reached skill level 4 in Fighting
   968 | D:2      | Reached XP level 3. HP: 27/33 MP: 2/2
  1438 | D:2      | Reached XP level 4. HP: 39/40 MP: 3/3
  1873 | D:3      | Reached skill level 5 in Long Blades
  1873 | D:3      | Reached XP level 5. HP: 46/46 MP: 4/4
  2807 | D:4      | Reached skill level 5 in Shields
  3186 | D:4      | Got a scorched dagger {venom}
  3443 | D:4      | Found Lainkil's Antique Armour Shoppe.
  3449 | D:4      | Identified the +9 dagger of Eternal Vigilance {venom, rElec} (You took it off an orc on level 4 of the Dungeon)
  3457 | D:4      | Bought a pair of runed boots for 187 gold pieces
  3484 | D:4      | Reached XP level 6. HP: 52/53 MP: 5/5
  3724 | D:4      | Noticed Pikel
  3724 | D:4      | Noticed a slave
  3724 | D:4      | Noticed a slave
  3724 | D:4      | Noticed a slave
  3725 | D:4      | Noticed a slave
  3741 | D:4      | Killed Pikel
  3741 | D:4      | Reached skill level 5 in Fighting
  3741 | D:4      | Reached XP level 7. HP: 55/61 MP: 6/6
  4139 | D:5      | Entered Level 5 of the Dungeon
  4222 | D:5      | Reached XP level 8. HP: 68/68 MP: 7/7
  4340 | D:5      | Found a staircase to the Ecumenical Temple.
  4354 | D:5      | Reached skill level 10 in Long Blades
  4544 | D:5      | Noticed Prince Ribbit
  4552 | D:5      | Killed Prince Ribbit
  4552 | D:5      | Reached skill level 6 in Fighting
  4741 | D:5      | Reached skill level 7 in Fighting
  4743 | D:5      | Noticed Duvessa
  4743 | D:5      | Noticed Dowan
  4754 | D:5      | Killed Dowan
  4765 | D:5      | Killed Duvessa
  4816 | Temple   | Entered the Ecumenical Temple
  4906 | Temple   | Became a worshipper of Zin the Law-Giver
  5175 | D:6      | Reached skill level 1 in Invocations
  5210 | D:6      | Reached * piety under Zin
  5409 | D:6      | Reached skill level 5 in Armour
  5409 | D:6      | Reached XP level 9. HP: 81/81 MP: 8/8
  5429 | D:6      | Noticed Edmund
  5441 | D:6      | Killed Edmund
  5441 | D:6      | Reached skill level 8 in Fighting
  5478 | D:6      | Got a transparent ring mail
  5489 | D:6      | Identified the cursed +0 ring mail of the Forest {rPois rF- rC++ Regen+} (You found it on level 6 of the Dungeon)
  5620 | D:6      | Noticed Blork the orc
  5630 | D:6      | Killed Blork the orc
  5830 | D:6      | Noticed Eustachio
  5849 | D:6      | Killed Eustachio
  6109 | D:7      | Reached skill level 9 in Fighting
  6595 | D:7      | Reached skill level 10 in Fighting
  6693 | D:7      | Reached ** piety under Zin
  6797 | D:8      | Noticed a two-headed ogre
  6807 | D:8      | Killed a two-headed ogre
  6807 | D:8      | Reached skill level 1 in Dodging
  6807 | D:8      | Reached XP level 10. HP: 56/93 MP: 11/11
  7049 | D:8      | Found an opulent altar of Gozag.
  7049 | D:8      | Found a sparkling altar of Nemelex Xobeh.
  7323 | D:8      | Noticed a two-headed ogre
  7330 | D:8      | Killed a two-headed ogre
  7330 | D:8      | Reached skill level 10 in Shields
  7467 | D:8      | Found Yklilirch's Antique Armour Shoppe.
  7508 | D:8      | Found a hazy altar of Hepliaklqana.
  7512 | D:8      | Found a glowing golden altar of the Shining One.
  7514 | D:8      | Found a white marble altar of Elyvilon.
  7515 | D:8      | Found a hide-covered altar of Uskayaw.
  7520 | D:8      | Fell from the grace of Zin
  7520 | D:8      | Became a worshipper of the Shining One
  7520 | D:8      | Reached * piety under the Shining One
  7561 | D:8      | Found a shattered altar of Ashenzari.
  7635 | D:8      | Noticed Maurice
  7644 | D:8      | Killed Maurice
  7690 | D:8      | Found a blossoming altar of Fedhas.
  8139 | D:9      | Found a staircase to the Lair.
  8466 | D:9      | Found a sacrificial altar of Ru.
  8494 | D:9      | Found a snail-covered altar of Cheibriados.
  8774 | D:9      | Reached XP level 11. HP: 78/99 MP: 13/13
  9027 | D:4      | Bought a pair of translucent gloves for 237 gold pieces
  9032 | D:4      | Identified the cursed -1 pair of gloves "Lyxipta Ihi" {Str+2} (You bought it in a shop on level 4 of the Dungeon)
  9270 | D:8      | Found a snail-covered altar of Cheibriados.
  9492 | D:10     | Entered Level 10 of the Dungeon
  9528 | D:10     | Reached ** piety under the Shining One
  9773 | D:10     | Noticed a two-headed ogre
  9792 | D:10     | Killed a two-headed ogre
  9950 | D:10     | Noticed a two-headed ogre
  9962 | D:10     | Killed a two-headed ogre
 10368 | D:11     | Noticed hilaritas's ghost (journeyman DDAr)
 10398 | D:11     | Killed hilaritas's ghost
 10398 | D:11     | Reached skill level 5 in Invocations
 10533 | D:11     | Found a glowing golden altar of the Shining One.
 10567 | D:11     | Found a staircase to the Orcish Mines.
 10737 | D:11     | Reached *** piety under the Shining One
 10991 | D:12     | Found an iron altar of Okawaru.
 11326 | D:12     | Noticed an unseen horror
 11333 | D:12     | Killed an unseen horror
 11333 | D:12     | Reached skill level 5 in Dodging
 12274 | Lair:1   | Entered Level 1 of the Lair of Beasts
 12311 | Lair:1   | Reached XP level 12. HP: 86/106 MP: 15/15
 13324 | Lair:2   | Reached skill level 10 in Armour
 13864 | Lair:2   | Found a staircase to the Shoals.
 13895 | Lair:2   | HP: 7/106 [merfolk/enchanted trident (13)]
 14345 | Lair:1   | Reached skill level 15 in Shields
 14987 | Lair:2   | Noticed a queen ant
 15020 | Lair:2   | Killed a queen ant
 15459 | Lair:2   | Reached **** piety under the Shining One
 16471 | Lair:3   | Found a hole to the Spider Nest.
 16633 | Lair:3   | Reached XP level 13. HP: 86/113 MP: 18/18
 18543 | Lair:5   | Noticed Kirke
 18554 | Lair:5   | Noticed a sphinx
 18571 | Lair:5   | Killed Kirke
 18815 | Lair:5   | Reached skill level 11 in Fighting
 18973 | Lair:5   | Reached skill level 10 in Invocations
 19265 | Lair:6   | Entered Level 6 of the Lair of Beasts
 20095 | Lair:6   | Found a viscous altar of Jiyva.
 20099 | Lair:6   | Found a staircase to the Slime Pits.
 20158 | Lair:6   | Reached XP level 14. HP: 111/125 MP: 21/21
 20767 | Lair:6   | Reached ***** piety under the Shining One
 21984 | D:13     | Found Ycvennomn's Serpentskin Sales.
 22019 | D:13     | Reached skill level 1 in Evocations
 22479 | D:13     | Found a gate to the Vaults.
 24998 | D:14     | Reached XP level 15. HP: 94/132 MP: 21/24
 25333 | D:15     | Entered Level 15 of the Dungeon
 25387 | D:15     | Reached skill level 5 in Evocations
 25424 | D:15     | Found a frozen archway.
 25444 | IceCv    | Entered an ice cave
 26285 | IceCv    | Reached skill level 15 in Invocations
 26400 | IceCv    | Reached skill level 12 in Fighting
 26655 | IceCv    | Noticed a frost giant
 26694 | IceCv    | Killed a frost giant
 27406 | D:15     | Reached skill level 13 in Fighting
 27466 | D:15     | Found a staircase to the Depths.
 27985 | D:15     | Reached skill level 14 in Fighting
 28364 | Orc:1    | Entered Level 1 of the Orcish Mines
 28769 | Orc:2    | Entered Level 2 of the Orcish Mines
 29018 | Orc:2    | Noticed Saint Roka
 29036 | Orc:2    | HP: 8/139 [Saint Roka/divine providence (12)]
 29051 | Orc:2    | HP: 12/139 [Saint Roka/divine providence (12)]
 29064 | Orc:2    | HP: 3/139 [Saint Roka/divine providence (13)]
 29500 | Orc:2    | Killed Saint Roka
 29885 | Orc:2    | Found a staircase to the Elven Halls.
 29920 | Orc:2    | Found Dufras's Weapon Shoppe.
 30097 | Orc:2    | Found Gemolome's Gadget Shop.
 30118 | Orc:2    | Reached skill level 15 in Fighting
 30397 | Orc:2    | Found Zoconox's General Store.
 30403 | Orc:2    | Found Puozxy's Food Emporium.
 30405 | Orc:2    | Found Ruinlye's Weapon Shop.
 30661 | Orc:2    | Bought a box of beasts for 300 gold pieces
 30827 | D:8      | Bought a shiny plate armour for 702 gold pieces
 30875 | D:8      | Reached XP level 16. HP: 118/149 MP: 8/26
 30974 | Shoals:1 | Entered Level 1 of the Shoals
 32180 | Shoals:1 | Reached skill level 16 in Fighting
 32347 | Shoals:1 | Identified a scroll of acquirement
 32348 | Shoals:1 | Got a shimmering silver amulet
 32349 | Shoals:1 | Identified the amulet "Ruxtam" {Gourm Dex+7} (You acquired it on level 1 of the Shoals)
 32651 | Shoals:2 | The Shining One protects you from harm!
 34499 | Shoals:2 | Reached skill level 17 in Fighting
 34499 | Shoals:2 | Killed from afar by a wind drake

Skill      XL: |  1  2  3  4  5  6  7  8  9 10 11 12 13 14 15 16 |
---------------+-------------------------------------------------+-----
Shields        | 4 5 7 9 11 14 15 | 15.1
Fighting       | 4 5 7 10 11 15 17 | 17.0
Long Blades    | 3 5 6 8 9 10 12 14 | 14.0
Armour         | 5 6 7 9 10 11 12 | 12.1
Invocations    | 1 3 4 5 8 10 14 15 | 15.0
Dodging        | 1 3 5 6 |  6.0
Evocations     | 4 5 |  5.4

Action                   |  1- 3 |  4- 6 |  7- 9 | 10-12 | 13-15 | 16-18 || total
-------------------------+-------+-------+-------+-------+-------+-------++-------
Melee: Long sword        |   118 |   183 |   285 |   921 |  1908 |   323 ||  3738
       Headbutt          |    17 |    32 |    68 |   235 |   619 |   115 ||  1086
       Dagger            |       |       |       |       |    36 |       ||    36
Throw: Tomahawk          |       |       |    12 |    19 |       |     2 ||    33
       Javelin           |       |       |       |       |       |     8 ||     8
Invok: Recite            |       |       |     1 |       |       |       ||     1
       Divine Shield     |       |       |       |       |    13 |     2 ||    15
       Cleansing Flame   |       |       |       |       |     3 |       ||     3
       Summon Divine War |       |       |       |       |     3 |     1 ||     4
 Abil: Stop Flying       |       |     1 |       |       |       |       ||     1
       Evoke Flight      |       |     1 |       |       |       |       ||     1
Evoke: Wand              |       |       |       |       |       |     5 ||     5
  Use: Scroll            |     6 |     9 |     3 |     8 |    11 |     3 ||    40
       Potion            |       |       |       |     2 |     3 |       ||     5
  Eat: Chunk             |     2 |     8 |     8 |    28 |    48 |    20 ||   114
       Royal jelly       |       |       |     1 |     1 |       |       ||     2
       Fruit             |       |       |       |     1 |     3 |       ||     4
Armor: Plate armour      |    66 |    83 |   112 |    65 |       |       ||   326
       Scale mail        |     1 |       |       |       |       |       ||     1
       Chain mail        |       |       |       |   140 |   381 |    72 ||   593
Dodge: Dodged            |    14 |    23 |    52 |   361 |   654 |   174 ||  1278
Block: Shield            |    55 |    85 |   105 |   570 |  1249 |   281 ||  2345
       Rpst.: Long sword |     3 |     6 |    16 |   105 |   157 |    32 ||   319
